NCAA
BAYLOR BEARS @ FLORIDA STATE SEMINOLES
05/23/2027
 
TOP OF THE 1ST
Baylor Bears batting - Pitching for Florida State Seminoles : LHP Mike Edmonds
Pitching: LHP Mike Edmonds
Batting: SHB Rob Lowe 0-0: Ball
1-0: Ball
2-0: Called Strike
2-1: Swinging Strike
2-2: Strikes out swinging
Batting: LHB Pepe González 0-0: Foul Ball, location: 2F
0-1: Foul Ball, location: 2F
0-2: Strikes out swinging
Batting: RHB Tim Church 0-0: Called Strike
0-1: Ball
1-1: Swinging Strike
1-2: Strikes out swinging
Top of the 1st over - 0 run(s), 0 hit(s), 0 error(s), 0 left on base; Baylor 0 - Florida State 0
BOTTOM OF THE 1ST
Florida State Seminoles batting - Pitching for Baylor Bears : RHP Richard Carlton
Pitching: RHP Richard Carlton
Batting: LHB Jeff Stevens 0-0: Foul Ball, location: 2F
0-1: Ball
1-1: Foul Ball, location: 2F
1-2: Strikes out swinging
Batting: RHB Roberto Casas 0-0: Foul Ball, location: 2F
0-1: Ball
1-1: Called Strike
1-2: Ball
2-2: Foul Ball, location: 2F
2-2: Ball
3-2: Strikes out swinging
Batting: RHB Rubén Hernández 0-0: Called Strike
0-1: Foul Ball, location: 2F
0-2: SINGLE (Groundball, 4MD)
Batting: RHB Aaron Duncan 0-0: Ball
1-0: Ground out 6-3 (Groundball, 6MD)
Bottom of the 1st over - 0 run(s), 1 hit(s), 0 error(s), 1 left on base; Baylor 0 - Florida State 0
TOP OF THE 2ND
Baylor Bears batting - Pitching for Florida State Seminoles : LHP Mike Edmonds
Batting: RHB Dave Coleman 0-0: Fly out, F6 (Line Drive, 6M)
Batting: LHB Jeff Sellers 0-0: Ball
1-0: Called Strike
1-1: Fly out, F2 (Popup, 23)
Batting: RHB Bill Ward 0-0: Called Strike
0-1: Foul Ball, location: 2F
0-2: Ball
1-2: SOLO HOME RUN (Flyball, 78XD), Distance : 390 ft
Batting: LHB Allen Hall 0-0: Ball
1-0: Ball
2-0: Ball
3-0: Called Strike
3-1: SINGLE (Groundball, 6MD)
Batting: RHB Mike Armstrong 0-0: Swinging Strike
0-1: Ball
Passed Ball!
Allen Hall to second
1-1: Ball
2-1: Foul Ball, location: 2F
2-2: Foul Ball, location: 2F
2-2: Foul Ball, location: 2F
2-2: Ball
3-2: Fly out, F8 (Flyball, 8RM)
Top of the 2nd over - 1 run(s), 2 hit(s), 0 error(s), 1 left on base; Baylor 1 - Florida State 0
BOTTOM OF THE 2ND
Florida State Seminoles batting - Pitching for Baylor Bears : RHP Richard Carlton
Batting: LHB Paul Cotton 0-0: Foul Ball, location: 2F
0-1: Ball
1-1: Swinging Strike
1-2: Foul Ball, location: 2F
1-2: Ground out 4-3 (Groundball, 4)
Batting: RHB Fred Burgess 0-0: Ball
1-0: Ball
2-0: Ball
3-0: Base on Balls
Batting: RHB José Sosa 0-0: Called Strike
0-1: Ball
1-1: Ball
2-1: Called Strike
2-2: Ball
3-2: Base on Balls
Fred Burgess to second
Batting: LHB Allan Bates 0-0: Called Strike
0-1: Ball
1-1: Fly out, F9 (Flyball, 9LSF)
Batting: RHB Lorenzo Cintrón 0-0: Ball
1-0: Ball
2-0: Ball
3-0: Base on Balls
Fred Burgess to third
José Sosa to second
Batting: LHB Jeff Stevens 0-0: Called Strike
0-1: Foul Ball, location: 2F
0-2: Strikes out looking
Bottom of the 2nd over - 0 run(s), 0 hit(s), 0 error(s), 3 left on base; Baylor 1 - Florida State 0
TOP OF THE 3RD
Baylor Bears batting - Pitching for Florida State Seminoles : LHP Mike Edmonds
Batting: RHB Charles Walters 0-0: Ground out 5-3 (Groundball, 56)
Batting: SHB Rob Lowe 0-0: Ball
1-0: Ball
2-0: Called Strike
2-1: Ball
3-1: Base on Balls
Batting: LHB Pepe González 0-0: SINGLE (Line Drive, 6MD)
Rob Lowe to second
Batting: RHB Tim Church 0-0: Ball
1-0: Ball
2-0: Ball
3-0: Called Strike
3-1: Foul Ball, location: 2F
3-2: Base on Balls
Rob Lowe to third
Pepe González to second
Batting: RHB Dave Coleman 0-0: Called Strike
0-1: Called Strike
0-2: Ball
1-2: Ball
2-2: Strikes out swinging
Batting: LHB Jeff Sellers 0-0: Called Strike
0-1: Foul Ball, location: 2F
0-2: Ball
1-2: Strikes out swinging
Top of the 3rd over - 0 run(s), 1 hit(s), 0 error(s), 3 left on base; Baylor 1 - Florida State 0
BOTTOM OF THE 3RD
Florida State Seminoles batting - Pitching for Baylor Bears : RHP Richard Carlton
Batting: RHB Roberto Casas 0-0: Ground out 6-3 (Groundball, 6)
Batting: RHB Rubén Hernández 0-0: Fly out, F9 (Flyball, 9D)
Batting: RHB Aaron Duncan 0-0: Ball
1-0: Ball
2-0: Foul Ball, location: 2F
2-1: Called Strike
2-2: Ground out 5-3 (Groundball, 5S)
Bottom of the 3rd over - 0 run(s), 0 hit(s), 0 error(s), 0 left on base; Baylor 1 - Florida State 0
TOP OF THE 4TH
Baylor Bears batting - Pitching for Florida State Seminoles : LHP Mike Edmonds
Batting: RHB Bill Ward 0-0: Called Strike
0-1: Ball
1-1: Fly out, F7 (Line Drive, 78M)
Batting: LHB Allen Hall 0-0: Ball
1-0: Called Strike
1-1: Called Strike
1-2: Foul Ball, location: 2F
1-2: Ball
2-2: Foul Ball, location: 2F
2-2: Ball
3-2: Base on Balls
Batting: RHB Mike Armstrong 0-0: Foul Ball, location: 2F
0-1: Foul Ball, location: 2F
0-2: Strikes out swinging
Batting: RHB Charles Walters 0-0: Ball
1-0: Swinging Strike
1-1: Swinging Strike
1-2: Ball
2-2: Strikes out looking
Top of the 4th over - 0 run(s), 0 hit(s), 0 error(s), 1 left on base; Baylor 1 - Florida State 0
BOTTOM OF THE 4TH
Florida State Seminoles batting - Pitching for Baylor Bears : RHP Richard Carlton
Batting: LHB Paul Cotton 0-0: Ball
1-0: Ball
2-0: Ball
3-0: Called Strike
3-1: Base on Balls
Batting: RHB Fred Burgess 0-0: Called Strike
0-1: Called Strike
0-2: Foul Ball, location: 2F
0-2: Ball
1-2: Ball
2-2: Ball
3-2: Strikes out swinging
Batting: RHB José Sosa 0-0: Ball
1-0: Swinging Strike
1-1: Ball
2-1: Called Strike
2-2: DOUBLE (Flyball, 3D)
Paul Cotton to third
Paul Cotton scores
Batting: LHB Allan Bates 0-0: Called Strike
0-1: Ball
1-1: Foul Ball, location: 2F
1-2: Ball
2-2: Foul Ball, location: 2F
2-2: Ball
3-2: Foul Ball, location: 2F
3-2: Foul Ball, location: 2F
3-2: Base on Balls
Batting: RHB Lorenzo Cintrón 0-0: Fly out, F9 (Flyball, 9LMF)
Batting: LHB Jeff Stevens 0-0: Ball
1-0: Ball
2-0: Foul Ball, location: 2F
2-1: Fly out, F9 (Flyball, 89M)
Bottom of the 4th over - 1 run(s), 1 hit(s), 0 error(s), 2 left on base; Baylor 1 - Florida State 1
TOP OF THE 5TH
Baylor Bears batting - Pitching for Florida State Seminoles : LHP Mike Edmonds
Batting: SHB Rob Lowe 0-0: Ball
1-0: Called Strike
1-1: SINGLE (Flyball, 6MD)
Batting: LHB Pepe González 0-0: Foul Ball, location: 2F
0-1: SINGLE (Groundball, 34D)
Rob Lowe to second
Runner from 2nd tries for 3rd, SAFE, throw made to third
Batting: RHB Tim Church 0-0: Ball
1-0: Called Strike
1-1: Called Strike
1-2: Ball
2-2: Ball
3-2: Fly out, F7 (Flyball, 78M)
Runner from 3rd tags up, SCORES, no throw
Pitching: RHP Erik Hale
Batting: RHB Dave Coleman 0-0: Swinging Strike
0-1: Foul Ball, location: 2F
0-2: Ball
1-2: Fly out, F7 (Flyball, 7)
Batting: LHB Jeff Sellers 0-0: Called Strike
0-1: Fly out, F7 (Flyball, 7)
Top of the 5th over - 1 run(s), 2 hit(s), 0 error(s), 1 left on base; Baylor 2 - Florida State 1
BOTTOM OF THE 5TH
Florida State Seminoles batting - Pitching for Baylor Bears : RHP Richard Carlton
Batting: RHB Roberto Casas 0-0: Ball
1-0: Called Strike
1-1: Ball
2-1: Fly out, F3 (Popup, 3L)
Pitching: RHP Fred Wheeler
Batting: RHB Rubén Hernández 0-0: Ball
1-0: Fly out, F8 (Flyball, 8RS)
Batting: RHB Aaron Duncan 0-0: Ball
1-0: Foul Ball, location: 2F
1-1: Foul Ball, location: 2F
1-2: Ball
2-2: Ball
3-2: Foul Ball, location: 2F
3-2: Base on Balls
Batting: LHB Paul Cotton 0-0: Called Strike
0-1: Fly out, F8 (Flyball, 8RM)
Bottom of the 5th over - 0 run(s), 0 hit(s), 0 error(s), 1 left on base; Baylor 2 - Florida State 1
TOP OF THE 6TH
Baylor Bears batting - Pitching for Florida State Seminoles : RHP Erik Hale
Batting: RHB Bill Ward 0-0: Ball
1-0: Swinging Strike
1-1: Ball
2-1: Ground out 6-3 (Groundball, 6M)
Batting: LHB Allen Hall 0-0: Foul Ball, location: 2F
0-1: Ball
1-1: DOUBLE (Line Drive, 89M)
Batting: RHB Mike Armstrong 0-0: Called Strike
0-1: Foul Ball, location: 2F
0-2: Ball
1-2: Ball
2-2: SINGLE (Groundball, 56D)
Allen Hall to third
Batting: RHB Charles Walters 0-0: Hit by Pitch
Mike Armstrong to second
Batting: SHB Rob Lowe 0-0: Ball
1-0: Ground out 4-3 (Groundball, 4S)
Allen Hall scores
Mike Armstrong to third
Charles Walters to second
Batting: LHB Pepe González 0-0: Ball
1-0: Ball
2-0: Ball
3-0: Called Strike
3-1: Base on Balls
Batting: RHB Tim Church 0-0: Ball
1-0: Called Strike
1-1: Ball
2-1: Ball
3-1: Base on Balls
Mike Armstrong scores
Charles Walters to third
Pepe González to second
Pitching: RHP A.C. Kinney
Batting: RHB Dave Coleman 0-0: Swinging Strike
0-1: Ball
1-1: Called Strike
1-2: Foul Ball, location: 2F
1-2: Ball
2-2: Ball
3-2: Foul Ball, location: 2F
3-2: Base on Balls
Charles Walters scores
Pepe González to third
Tim Church to second
Batting: LHB Jeff Sellers 0-0: Ball
1-0: Swinging Strike
1-1: Ball
2-1: Foul Ball, location: 2F
2-2: Ball
3-2: Strikes out swinging
Top of the 6th over - 3 run(s), 2 hit(s), 0 error(s), 3 left on base; Baylor 5 - Florida State 1
BOTTOM OF THE 6TH
Florida State Seminoles batting - Pitching for Baylor Bears : RHP Fred Wheeler
Batting: RHB Fred Burgess 0-0: DOUBLE (Line Drive, 78M)
Batting: RHB José Sosa 0-0: Called Strike
0-1: Swinging Strike
0-2: Foul Ball, location: 2F
0-2: Foul Ball, location: 2F
0-2: Foul Ball, location: 2F
0-2: Strikes out swinging
Batting: LHB Allan Bates 0-0: Ball
1-0: Foul Ball, location: 2F
1-1: SINGLE (Flyball, 7)
Fred Burgess to third
Runner from 3rd tries for Home, SAFE, throw made home
Batting: RHB Lorenzo Cintrón 0-0: Swinging Strike
0-1: Foul Ball, location: 2F
0-2: Foul Ball, location: 2F
0-2: Strikes out looking
Batting: LHB Jeff Stevens 0-0: Ball
1-0: Ball
2-0: Foul Ball, location: 2F
2-1: SINGLE (Line Drive, 4M)
Allan Bates to second
Batting: RHB Roberto Casas 0-0: Ball
1-0: Ball
2-0: SINGLE (Flyball, 7)
Allan Bates to third
Jeff Stevens to second
Batting: RHB Rubén Hernández 0-0: Called Strike
0-1: Fielders Choice at 2nd, 4-6 (Groundball, 4)
Bottom of the 6th over - 1 run(s), 4 hit(s), 0 error(s), 2 left on base; Baylor 5 - Florida State 2
TOP OF THE 7TH
Baylor Bears batting - Pitching for Florida State Seminoles : RHP A.C. Kinney
Batting: RHB Bill Ward 0-0: Ball
1-0: Foul Ball, location: 2F
1-1: DOUBLE (Line Drive, 78M)
Batting: LHB Allen Hall 0-0: Called Strike
0-1: Ball
1-1: Hit by Pitch
Batting: RHB Mike Armstrong 0-0: SINGLE (Groundball, 6MD)
Bill Ward to third
Allen Hall to second
Batting: RHB Charles Walters 0-0: Swinging Strike
0-1: Called Strike
0-2: Strikes out looking
Batting: SHB Rob Lowe 0-0: Called Strike
0-1: SINGLE (Groundball, 6M) (infield hit)
Bill Ward scores
Allen Hall to third
Mike Armstrong to second
Batting: LHB Pepe González 0-0: Fielders Choice at 3rd, U5 (Groundball, 5L)
Allen Hall scores
Rob Lowe to second
Pitching: RHP Sergio Márquez
Batting: RHB Tim Church 0-0: Called Strike
0-1: Fielders Choice at 2nd, 5-4 (Groundball, 56)
Top of the 7th over - 2 run(s), 3 hit(s), 0 error(s), 1 left on base; Baylor 7 - Florida State 2
BOTTOM OF THE 7TH
Florida State Seminoles batting - Pitching for Baylor Bears : RHP Fred Wheeler
Batting: RHB Aaron Duncan 0-0: Called Strike
0-1: Ball
1-1: Fly out, F8 (Flyball, 8LD)
Batting: LHB Paul Cotton 0-0: Ball
1-0: Called Strike
1-1: Swinging Strike
1-2: Strikes out swinging
Batting: RHB Fred Burgess 0-0: Foul Ball, location: 2F
0-1: Ball
1-1: Foul Ball, location: 2F
1-2: Ground out 4-3 (Groundball, 4M)
Bottom of the 7th over - 0 run(s), 0 hit(s), 0 error(s), 0 left on base; Baylor 7 - Florida State 2
TOP OF THE 8TH
Baylor Bears batting - Pitching for Florida State Seminoles : RHP Sergio Márquez
Batting: RHB Dave Coleman 0-0: Fly out, F9 (Flyball, 9D)
Batting: LHB Jeff Sellers 0-0: DOUBLE (Line Drive, 9LM)
Batting: RHB Bill Ward 0-0: Ball
1-0: Ball
2-0: Ball
3-0: Base on Balls
Batting: LHB Allen Hall 0-0: Ball
1-0: Ball
2-0: Called Strike
2-1: Foul Ball, location: 2F
2-2: Strikes out swinging
Batting: RHB Mike Armstrong 0-0: Called Strike
0-1: Ball
1-1: Called Strike
1-2: Ball
2-2: Strikes out looking
Top of the 8th over - 0 run(s), 1 hit(s), 0 error(s), 2 left on base; Baylor 7 - Florida State 2
BOTTOM OF THE 8TH
Florida State Seminoles batting - Pitching for Baylor Bears : RHP Fred Wheeler
Batting: RHB José Sosa 0-0: Called Strike
0-1: Foul Ball, location: 2F
0-2: Ground out 1-3 (Groundball, 15)
Batting: LHB Allan Bates 0-0: Ball
1-0: Foul Ball, location: 2F
1-1: Fly out, F7 (Flyball, 7S)
Batting: RHB Lorenzo Cintrón 0-0: Ground out 5-3 (Groundball, 5)
Bottom of the 8th over - 0 run(s), 0 hit(s), 0 error(s), 0 left on base; Baylor 7 - Florida State 2
TOP OF THE 9TH
Baylor Bears batting - Pitching for Florida State Seminoles : RHP Sergio Márquez
Batting: RHB Charles Walters 0-0: Ball
1-0: Ball
2-0: Called Strike
2-1: Ground out 5-3 (Groundball, 56S)
Batting: SHB Rob Lowe 0-0: Ball
1-0: Called Strike
1-1: Fly out, F6 (Popup, 6D)
Batting: LHB Pepe González 0-0: Ball
1-0: Fly out, F8 (Flyball, 8LD)
Top of the 9th over - 0 run(s), 0 hit(s), 0 error(s), 0 left on base; Baylor 7 - Florida State 2
BOTTOM OF THE 9TH
Florida State Seminoles batting - Pitching for Baylor Bears : RHP Fred Wheeler
Now at 1B: Deron Simmons
Batting: LHB Jeff Stevens 0-0: Ball
1-0: Ball
2-0: Called Strike
2-1: Ball
3-1: Foul Ball, location: 2F
3-2: Foul Ball, location: 2F
3-2: TRIPLE (Groundball, 3L)
Pitching: RHP Robby Raines
Batting: RHB Roberto Casas 0-0: Ball
1-0: Ball
2-0: Called Strike
2-1: Ball
3-1: Called Strike
3-2: Foul Ball, location: 2F
3-2: Base on Balls
Batting: RHB Rubén Hernández 0-0: Ball
1-0: Foul Ball, location: 2F
1-1: Foul Ball, location: 2F
1-2: Strikes out looking
Batting: RHB Aaron Duncan 0-0: Swinging Strike
0-1: Foul Ball, location: 2F
0-2: Strikes out swinging
Batting: LHB Paul Cotton 0-0: Swinging Strike
0-1: Swinging Strike
0-2: Ground out 4-3 (Groundball, 34)
Bottom of the 9th over - 0 run(s), 1 hit(s), 0 error(s), 2 left on base; Baylor 7 - Florida State 2
Thursday, March 30th, 2017 - OOTP Baseball 17.12 Build 75